 Dungeon Crawl Stone Soup version 0.29.1-1-gd02db6906a (webtiles) character file.

Game seed: 4993793216769619365

5482 MisterFreud the Spry (level 10, -1/49 HPs)
             Began as a Felid Berserker on Oct 9, 2022.
             Was a High Priest of Trog.
             Slain by a yak (6 damage)
             ... on level 1 of the Lair of Beasts.
             The game lasted 00:12:45 (12795 turns).

MisterFreud the Spry (Felid Berserker)             Turns: 12795, Time: 00:12:45

Health: -1/49      AC:  2    Str: 13    XL:     10   Next: 42%
Magic:  11/11      EV: 30    Int:  9    God:    Trog [*****.]
Gold:   433        SH:  0    Dex: 20    Spells: 9/9 levels left
                                        Lives:  0   Deaths: 3

rFire   . . .      SeeInvis +     - Unarmed
rCold   . . .      Faith    .   (shield unavailable)
rNeg    . . .      Spirit   .   (body armour unavailable)
rPois   .          Reflect  .   (helmet unavailable)
rElec   .          Harm     .   (cloak unavailable)
rCorr   +          Rampage  .   (gloves unavailable)
Will    +....                   (boots unavailable)
Stlth   +++++.....              u - amulet of the acrobat
HPRegen 0.16/turn               d - ring of resist corrosion
MPRegen 0.12/turn               o - +4 ring of slaying

@: quick
A: very small, claws 1, fangs 3, see invisible, speed 1, shaggy fur 2, stealthy
paws, no weapons or thrown items, no armour, multi-lived
a: Renounce Religion, Berserk, Trog's Hand, Brothers in Arms


You were on level 1 of the Lair of Beasts.
You worshipped Trog.
Trog was extremely pleased with you.
You visited 2 branches of the dungeon, and saw 11 of its levels.

You collected 563 gold pieces.
You spent 130 gold pieces at shops.

Inventory:

Jewellery
 a - a ring of flight
 d - a ring of resist corrosion (left paw)
 j - a ring of positive energy
 o - a +4 ring of slaying (right paw)
 u - an amulet of the acrobat (around neck)
Wands
 p - a wand of polymorph (29)
 q - a wand of charming (15)
 t - a wand of iceblast (16)
 v - a wand of quicksilver (19)
Scrolls
 b - 5 scrolls of fog
 f - 6 scrolls of teleportation
 r - 3 scrolls of fear
 w - a scroll of blinking
 x - 2 scrolls of identify
 y - a scroll of vulnerability
Potions
 c - 2 potions of attraction
 e - 3 potions of mutation
 g - 2 potions of lignification
 h - a potion of brilliance
 i - 5 potions of curing
 l - a potion of magic
 m - 2 potions of cancellation
 n - a potion of might
 s - 3 potions of flight


   Skills:
 + Level 9.6 Fighting
 - Level 15.0 Dodging
 - Level 10.0 Stealth
 - Level 10.0 Unarmed Combat


You had 9 spell levels left.
You didn't know any spells.
Your spell library was empty.

Dungeon Overview and Level Annotations

Branches:
Dungeon (10/15)            Temple (0/1) D:4            Lair (1/5) D:9
    Orc (0/2) D:9

Altars:
Ashenzari
Cheibriados
Dithmenos
Elyvilon
Fedhas
Kikubaaqudgha
Nemelex Xobeh
Qazlal
Ru
Trog
Uskayaw
Vehumet

Shops:
D:4 ?   D:9 [


Innate Abilities, Weirdness & Mutations

You have sharp claws.
You have razor-sharp teeth.
You have supernaturally acute eyesight. (SInv)
You cover ground quickly. (Speed+)
You are covered in thick fur. (AC +2)
Your paws help you pounce on unaware monsters.
You are incapable of wielding weapons or throwing items.
You cannot wear armour.
You gain extra lives every three experience levels.


Message History

You claw the yak!
The yak is almost dead.
You mangle the yak!!
You kill the yak!
Trog accepts your kill. The yak closely misses you.
You claw the yak! You bite the yak.
The yak is heavily wounded.
The water moccasin completely misses you.
The yak completely misses you. The yak closely misses you.
The water moccasin bites you!
You barely miss the yak. You claw the yak!
The yak is severely wounded.
The yak misses you. x2; The water moccasin barely misses you.
You claw the water moccasin!
The water moccasin is severely wounded.
The yak gores you!
The water moccasin completely misses you.
The yak gores you!
You are too injured to fight recklessly!
You barely miss the water moccasin.
The water moccasin is severely wounded.
The water moccasin closely misses you. The yak gores you!
* * * LOW HITPOINT WARNING * * *
The yak completely misses you.
You are too injured to fight recklessly!
You are too injured to fight recklessly!
You claw the water moccasin!
You kill the water moccasin!
Trog accepts your kill.
Training target 15.0 for Dodging reached!
Your Dodging skill increases to level 15!
You claw the yak!
You kill the yak!
Trog accepts your kill. The yak misses you.
You claw the yak! You bite the yak!
The yak is severely wounded.
The yak gores you.
You die...

## ## ### ### ### #.####
####.####.###.#######.#
#......
......................#
P......
..>...†...............#
.......
......†@..............##
P......
......Y...............P#
P......
........................
.......
......................##
#......
......................#
#......
......................#
#......
......................#
#......
......................#
.......
....................#


You could see a yak.

Vanquished Creatures
  2 two-headed ogres
  Pikel (D:4)
  A cyclops (D:8)
  Maggie (D:7)
  Joseph (D:7)
  A cane toad (Lair:1)
  A komodo dragon (Lair:1)
  Sigmund (D:2)
  3 shadows
  19 yaks
  Edmund (D:4)
  2 steam dragons
  5 water moccasins
  Duvessa (D:7)
  2 ice beasts
  A sky beast (D:8)
  2 orc warriors
  4 black bears
  2 centaurs
  A phantom (D:5)
  2 kobold brigands
  11 bullfrogs
  3 scorpions
  2 necrophages
  4 gnoll sergeants
  5 wights (D:7)
  Dowan (D:7)
  19 killer bees
  3 orc priests (D:7)
  2 hounds
  2 jellies
  A gnoll bouda (D:5)
  Crazy Yiuf (D:7)
  Ijyb (D:4)
  An iguana (D:5)
  Natasha (thrice) (D:3)
  2 orc wizards
  7 adders
  24 gnolls
  2 shadow imps
  8 white imps (Lair:1)
  5 worms
  2 dart slugs
  18 orcs
  6 endoplasms
  3 giant cockroaches
  5 goblins
  10 hobgoblins
  7 jackals
  4 quokkas
  3 ball pythons
  12 bats
  7 frilled lizards
  18 kobolds
  6 rats
262 creatures vanquished.

Vanquished Creatures (others)
  A human (D:5)
  3 orcs (D:8)
  39 fungi
  33 plants
76 creatures vanquished.

Grand Total: 338 creatures vanquished

Notes
Turn   | Place    | Note
-------+----------+-------------------------------------------
     0 | D:1      | MisterFreud the Felid Berserker began the quest for the
                  | Orb.
     0 | D:1      | Reached XP level 1. HP: 10/10 MP: 2/2
   102 | D:1      | Reached skill level 1 in Stealth
   102 | D:1      | Found a faded altar of an unknown god.
   297 | D:1      | Reached XP level 2. HP: 9/14 MP: 3/3
  1280 | D:2      | Noticed Sigmund
  1289 | D:2      | Reached XP level 3. HP: 17/17 MP: 4/4
  1306 | D:2      | Killed Sigmund
  1307 | D:2      | Reached skill level 5 in Stealth
  1307 | D:2      | Reached XP level 4. HP: 21/21 MP: 5/5
  1307 | D:2      | Reached XP level 5. HP: 24/24 MP: 6/6
  1311 | D:2      | Reached ** piety under Trog
  1775 | D:2      | Reached skill level 5 in Unarmed Combat
  2295 | D:3      | Found a blossoming altar of Fedhas.
  2378 | D:3      | Found a hide-covered altar of Uskayaw.
  2379 | D:3      | Found a stormy altar of Qazlal.
  2380 | D:3      | Found a broken altar of Ashenzari.
  2381 | D:3      | Found a shadowy altar of Dithmenos.
  2476 | D:3      | Noticed Natasha
  2487 | D:3      | Killed Natasha
  2488 | D:3      | Gained mutation: You are covered in thick fur. (AC +2)
                  | [Felid growth]
  2488 | D:3      | Reached XP level 6. HP: 5/28 MP: 7/7
  2779 | D:3      | Found a sacrificial altar of Ru.
  3103 | D:3      | Noticed Natasha
  3111 | D:3      | Killed Natasha
  3193 | D:3      | Reached *** piety under Trog
  3290 | D:3      | Noticed a water moccasin
  3302 | D:3      | Killed a water moccasin
  3455 | D:3      | Noticed Natasha
  3466 | D:3      | Killed Natasha
  3467 | D:3      | Reached skill level 5 in Dodging
  3654 | D:4      | Noticed an ice beast
  3660 | D:4      | Killed an ice beast
  3661 | D:4      | Reached XP level 7. HP: 31/31 MP: 8/8
  3669 | D:4      | Found a bloodstained altar of Trog.
  3730 | D:4      | Reached skill level 6 in Dodging
  3958 | D:4      | Noticed Pikel
  3960 | D:4      | Found Kisot's Magic Scroll Shop.
  3964 | D:4      | Killed Pikel
  3965 | D:4      | Reached skill level 9 in Dodging
  3965 | D:4      | Reached XP level 8. HP: 25/34 MP: 9/9
  3983 | D:4      | Bought a scroll of teleportation for 39 gold pieces
  3983 | D:4      | Bought a scroll of teleportation for 39 gold pieces
  3983 | D:4      | Bought a scroll of fear for 52 gold pieces
  4178 | D:4      | Noticed Ijyb
  4191 | D:4      | Killed Ijyb
  4421 | D:4      | Found a staircase to the Ecumenical Temple.
  4463 | D:4      | Noticed Edmund
  4480 | D:4      | Killed Edmund
  4481 | D:4      | Reached skill level 10 in Dodging
  4583 | D:4      | Found a radiant altar of Vehumet.
  4779 | D:5      | Entered Level 5 of the Dungeon
  4977 | D:5      | Found an ancient bone altar of Kikubaaqudgha.
  5344 | D:5      | Slain by a gnoll sergeant
  5345 | D:5      | Reached XP level 7. HP: -1/31 MP: 8/8
  5964 | D:5      | Reached XP level 8. HP: 31/36 MP: 9/9
  6027 | D:5      | Noticed a two-headed ogre
  6035 | D:5      | Killed a two-headed ogre
  6036 | D:5      | Reached skill level 11 in Dodging
  6663 | D:6      | Reached skill level 5 in Fighting
  7181 | D:7      | Noticed Maggie
  7308 | D:7      | Noticed Duvessa
  7312 | D:7      | Noticed Dowan
  7323 | D:7      | Killed Duvessa
  7324 | D:7      | Reached XP level 9. HP: 39/40 MP: 10/10
  7327 | D:7      | Killed Dowan
  7705 | D:7      | Found a runed translucent door.
  7706 | D:7      | Noticed Crazy Yiuf
  8217 | D:7      | Found a white marble altar of Elyvilon.
  8241 | D:7      | Killed Maggie
  8241 | D:7      | Reached **** piety under Trog
  8242 | D:7      | Reached skill level 12 in Dodging
  8600 | D:7      | Noticed Joseph
  8617 | D:7      | Killed Joseph
  8618 | D:7      | Reached skill level 10 in Stealth
  8698 | D:7      | Found a sparkling altar of Nemelex Xobeh.
  8880 | D:7      | Killed Crazy Yiuf
  9052 | D:8      | Reached XP level 10. HP: 39/45 MP: 11/11
  9578 | D:8      | Noticed a cyclops
  9592 | D:8      | Killed a cyclops
  9690 | D:8      | Reached skill level 10 in Unarmed Combat
 10096 | D:9      | Found a staircase to the Orcish Mines.
 10477 | D:9      | Found a staircase to the Lair.
 10582 | D:9      | Reached skill level 13 in Dodging
 10752 | D:9      | Found Cheibriados's Comfort Zone.
 10754 | D:9      | Found a snail-covered altar of Cheibriados.
 10780 | D:9      | Slain by a yak
 10781 | D:9      | Reached XP level 9. HP: 0/43 MP: 10/10
 10924 | D:9      | Noticed a two-headed ogre
 10934 | D:9      | Killed a two-headed ogre
 10939 | D:9      | Reached XP level 10. HP: 48/48 MP: 11/11
 11524 | D:10     | Entered Level 10 of the Dungeon
 11526 | D:10     | Reached ***** piety under Trog
 11613 | D:9      | Reached skill level 14 in Dodging
 11823 | Lair:1   | Entered Level 1 of the Lair of Beasts
 11834 | Lair:1   | Found a frozen archway.
 11849 | Lair:1   | Killed from afar by a white imp
 11850 | Lair:1   | Reached XP level 9. HP: -2/67 MP: 10/10
 11986 | Lair:1   | Noticed a cane toad
 12197 | Lair:1   | Killed a cane toad
 12198 | Lair:1   | Reached XP level 10. HP: 8/49 MP: 11/11
 12794 | Lair:1   | Reached skill level 15 in Dodging
 12795 | Lair:1   | Slain by a yak

Illustrated notes

Levels and vault maps discovered:
D:1:      dpeg_arrival_line_fractal, layout_loops_ring,
          dreamdust_ecumenical_altar_statues, grunt_decor_cap
D:2:      layout_rooms, uniq_sigmund
D:3:      layout_basic, amcnicky_altar_gilded, mainiacjoe_overflow_alcove_3,
          fedhas_altar_fruit_tree, uniq_natasha
D:4:      layout_basic, mainiacjoe_overflow_alcove_1, vehumet_crystals,
          minmay_temple_entry_large_hall, serial_shops, kennysheep_mini_moat,
          uniq_pikel, uniq_ijyb, uniq_edmund
D:5:      layout_cave_pods, tgw_kikubaaqudgha, st_stairs_4, minmay_small_thing
D:6:      layout_gridville
D:7:      layout_loops_ring, mainiacjoe_overflow_alcove_4,
          nicolae_overflow_hidden_temple, elyvilon_altar_3, uniq_duvessa,
          uniq_maggie, uniq_joseph, uniq_crazy_yiuf_cottage
D:8:      layout_loops_cross
D:9:      layout_roguey, due_lair_maze_entry_diamond, orc_0_dummy,
          serial_corexii_hall, corexii_hall_statues_u,
          chequers_hall_statues_wall_a, minmay_shop_chei,
          minmay_misc_feat_cross, minmay_misc_feat_five
D:10:     lemuel_vampire_tower, layout_rooms, mainiacjoe_overflow_brackets
Lair:1:   layout_gridlike, portal_ice_cave_entry_imps, grunt_megastairs_3,
          lemuel_fruit_fields

Skill      XL: |  1  2  3  4  5  6  7  8  9 10 |
---------------+-------------------------------+-----
Stealth        | 1 2 5 6 7 8 10 | 10.0
Unarmed Combat | 4 5 6 7 9 10 | 10.0
Dodging        | 5 9 11 12 15 | 15.0
Fighting       | 4 5 9 8 |  9.6

Action                   |  1- 3 |  4- 6 |  7- 9 | 10-12 || total
-------------------------+-------+-------+-------+-------++-------
Melee: Unarmed           |    65 |   118 |   354 |   279 ||   816
       Bite              |     7 |     8 |    44 |    38 ||    97
       Punch             |       |     3 |    19 |    19 ||    41
Invok: Berserk           |     2 |     2 |    10 |     3 ||    17
       Trog's Hand       |       |       |       |     1 ||     1
  Use: Scroll            |     5 |     3 |    10 |     5 ||    23
       Potion            |       |       |       |     1 ||     1
 Stab: Sleeping          |     3 |    13 |    11 |     3 ||    30
       Distracted        |       |       |     1 |     2 ||     3
Armor: Skin              |     1 |     3 |     7 |     9 ||    20
Dodge: Dodged            |    51 |    80 |   324 |   381 ||   836
